 Dungeon Crawl Stone Soup version 0.30.1-11-g7821555f0a (webtiles) character file.

Game seed: 8434859529065944776

325 Okkudo the Cleaver (level 6, -12/51 HPs)
             Began as a Hill Orc Monk on Dec 10, 2023.
             Was a Believer of Beogh.
             Mangled by Duvessa
             ... wielding a +1 short sword of venom
              (15 damage)
             ... on level 4 of the Dungeon.
             The game lasted 00:06:58 (2754 turns).

Okkudo the Cleaver (Hill Orc Monk)                  Turns: 2754, Time: 00:06:58

Health: -12/51     AC:  7    Str: 16    XL:     6   Next: 48%
Magic:  6/6        EV: 12    Int: 10    God:    Beogh [**....]
Gold:   244        SH:  0    Dex: 13    Spells: 5/5 levels left

rFire   . . .        a - +0 hand axe (spect)
rCold   . . .        d - orb {light}
rNeg    . . .        i - +3 leather armour
rPois   +            (no helmet)
rElec   .            k - +0 cloak
rCorr   .            (no gloves)
SInv    .            (no boots)
Will    .....        q - amulet of faith
Stlth   +            l - ring of poison resistance
HPRegen 0.28/turn    (no ring)
MPRegen 0.10/turn

%: faith
@: glowing
A: no striking features
a: Renounce Religion, Smiting


You were on level 4 of the Dungeon.
You worshipped Beogh.
Beogh was pleased with you.
You visited 1 branch of the dungeon, and saw 4 of its levels.

You collected 244 gold pieces.

Inventory:

Hand Weapons
 a - a +0 spectral hand axe (weapon)
Missiles
 p - 3 poisoned darts (quivered)
Armour
 d - an orb of light (worn)
 i - a +3 leather armour (worn)
 k - a +0 cloak (worn)
Jewellery
 b - a ring of fire
 j - a ring of wizardry
 l - a ring of poison resistance (left hand)
 q - an amulet of faith (around neck)
Scrolls
 e - a scroll of summoning {unknown}
 f - 4 scrolls of teleportation {unknown}
 n - a scroll of amnesia {unknown}
 o - a scroll of immolation {unknown}
 s - a scroll of fog {unknown}
 u - a scroll of noise {unknown}
Potions
 g - 2 potions of haste {unknown}
 h - a potion of heal wounds {unknown}
 m - a potion of mutation {unknown}


   Skills:
 - Level 3.6 Fighting
 * Level 9.3 Axes
 - Level 2.4 Dodging


You had 5 spell levels left.
You didn't know any spells.
Your spell library contained the following spells:

 Spells                   Type           Power      Damage    Failure   Level
 Apportation              Tloc           0%         N/A       43%         1
 Necrotise                Necr           0%         1d4       43%         1
 Summon Small Mammal      Summ           0%         N/A       43%         1
 Inner Flame              Hex/Fire       0%         N/A       80%         3
 Yara's Violent Unravell  Hex/Tmut       0%         3d3       100%        5
 Enfeeble                 Hex            0%         N/A       100%        7


Dungeon Overview and Level Annotations

Branches:
Dungeon (4/15)
 Temple: D:4-7

Altars:
Dithmenos
Hepliaklqana

Shops:
D:2 !   D:3 [

Annotations:
D:4 3 runed translucent doors, Bronimir's ghost, amateur DjTm; Duvessa; RancidPinata's ghost, novice GrGl


Message History

* * * LOW HITPOINT WARNING * * *
As you read the scroll labelled BYSESU TAEQYM, it crumbles to dust.
It is a scroll of brand weapon.
Your +0 hand axe acquires a faint afterimage.
a - a +0 spectral hand axe (weapon)
Dowan closely misses you.
You hit Dowan.
Dowan is lightly wounded.
Your +0 spectral hand axe closely misses Dowan.
Dowan barely misses you.
You slash Dowan!
Dowan is heavily wounded.
Your +0 spectral hand axe barely misses Dowan.
Dowan closely misses you.
You hit Dowan but do no damage.
Dowan is heavily wounded.
Your +0 spectral hand axe hits Dowan.
Dowan misses you.
You slash Dowan!
You kill Dowan!
Beogh accepts your kill.
You hear a distant scream of rage.
Your +0 spectral hand axe disappears.
Duvessa goes berserk!
Duvessa rages.
Duvessa attacks as you move away! Duvessa barely misses you.
You hit Duvessa but do no damage.
Duvessa is moderately wounded.
Your +0 spectral hand axe hits Duvessa but does no damage.
Duvessa barely misses you.
Your +0 spectral hand axe disappears.
Duvessa misses you.
You hit Duvessa but do no damage.
Duvessa is moderately wounded.
Your +0 spectral hand axe hits Duvessa but does no damage.
Duvessa hits you with a +1 short sword of venom.
* * * LOW HITPOINT WARNING * * *
Duvessa hits you but does no damage. Duvessa attacks as you move away!
Duvessa hits you with a +1 short sword of venom!
You die...

....) ##§§§.e§§ ........
######§§.§§# .........
#..####).§## ####
#........####.........#
##.♣⌠♣#..................#.....
#8....#..#######.##......######
:.....#..##...†................
♣.....+..##.###e#......(.######
⌠....W+..†..#.@(...>.....#
♣.....+..##.#.#.###......#
$.....#..##.#.#.# #...####
#8....#..##.#.#.# #####
##$♣⌠♣#.###.#.#.##### #### #.#
#.#.......# #.# #.#
#.###.....###### #.# #.#
#..............##### #.# #.#
#####...#####......#


You could see Duvessa (berserk) and a friendly +0 spectral hand axe.

Vanquished Creatures
  A bullfrog (D:4)
  A scorpion (D:4)
  Dowan (D:4)
  2 orc wizards
  3 adders
  A worm (D:2)
  A dart slug (D:2)
  6 orcs
  2 ball pythons (D:2)
  2 bats (D:3)
  4 endoplasms
  A giant cockroach (D:4)
  7 goblins
  9 hobgoblins
  3 jackals (D:2)
  A quokka (D:2)
  12 frilled lizards
  8 kobolds
  5 rats
70 creatures vanquished.

Vanquished Creatures (others)
  A hobgoblin (D:4)
1 creature vanquished.

Grand Total: 71 creatures vanquished

Notes
Turn   | Place    | Note
-------+----------+-------------------------------------------
     0 | D:1      | Okkudo the Hill Orc Monk began the quest for the Orb.
     0 | D:1      | Reached XP level 1. HP: 19/19 MP: 1/1
   209 | D:1      | Reached XP level 2. HP: 26/26 MP: 2/2
   355 | D:1      | Reached skill level 5 in Axes
   788 | D:2      | Reached XP level 3. HP: 15/31 MP: 3/3
   952 | D:2      | Reached skill level 6 in Axes
  1184 | D:2      | Reached XP level 4. HP: 39/39 MP: 4/4
  1207 | D:2      | Found Adah's Distillery.
  1506 | D:3      | Found Dyeggam's Antique Armour Shoppe.
  1925 | D:3      | Reached skill level 7 in Axes
  1925 | D:3      | Reached XP level 5. HP: 29/45 MP: 5/5
  2237 | D:4      | Noticed Duvessa
  2238 | D:4      | Noticed Dowan
  2407 | D:4      | Found a hazy altar of Hepliaklqana.
  2419 | D:4      | Reached skill level 8 in Axes
  2505 | D:4      | Became a worshipper of Beogh the Brigand
  2505 | D:4      | Reached * piety under Beogh
  2505 | D:4      | Reached ** piety under Beogh
  2552 | D:4      | Found a runed translucent gate.
  2553 | D:4      | Found a runed translucent gate.
  2554 | D:4      | Found a runed translucent gate.
  2555 | D:4      | Noticed RancidPinata's ghost (novice GrGl)
  2556 | D:4      | Noticed Bronimir's ghost (amateur DjTm)
  2578 | D:4      | Reached skill level 9 in Axes
  2578 | D:4      | Reached XP level 6. HP: 34/51 MP: 6/6
  2722 | D:4      | Found a shadowy altar of Dithmenos.
  2740 | D:4      | Killed Dowan
  2754 | D:4      | Mangled by Duvessa

Illustrated notes

Levels and vault maps discovered:
D:1:      mainiacjoe_arrival_reflecting_pool, layout_loops_ring,
          minmay_splitting_lines
D:2:      minmay_general_purpose_star, layout_basic, serial_shops,
          nicolae_shop_tiny_waterfront
D:3:      layout_loops_ring, serial_shops, shop, minmay_lizard_king
D:4:      layout_basic, nicolae_dithmenos_the_darkroom,
          nicolae_overflow_crystal_walls, nicolae_overflow_hidden_temple,
          gammafunk_ghost_cemetery, uniq_duvessa

Skill      XL: |  1  2  3  4  5 |
---------------+----------------+-----
Axes           | 5 6 7 9 |  9.3
Fighting       | |  3.6
Dodging        | |  2.4

Action                     |  1- 3 |  4- 6 || total
---------------------------+-------+-------++-------
  Melee: Hand axe          |    99 |   133 ||   232
 Invoke: Convert to Beogh  |       |     1 ||     1
    Use: Scroll            |       |     2 ||     2
         Potion            |       |     2 ||     2
 Armour: Leather armour    |    33 |    34 ||    67
  Dodge: Dodged            |    62 |    66 ||   128
